Map: Catalyst LE

Players

Guru

  • Race: Zerg Zerg
  • Spawn Location: 5:00

Cham - Winner!

  • Race: Zerg Zerg
  • Spawn Location: 11:00

Event: WCS Leipzig 2018

VOD

Have the link to the VOD?

Description

Time

  • Played on: Jan. 26, 2018, 11:13 a.m.
  • Length: 10:52

All games in this series

Show
View Real Time Build Order
Export as new Build Order

Guru Zerg 

Build Orders: Hatch First 

Get SALT Encoding   

  12  0:00  Drone  
  13  0:13  Overlord  
  13  0:17  Drone  
  14  0:31  Drone  
  14  0:32  Drone  
  14  0:35  Drone  
  17  0:55  Hatchery  
  17  0:56  Drone  
  17  0:58  Drone  
  18  1:10  Extractor  
  17  1:13  Spawning Pool  
  17  1:17  Drone  
  17  1:20  Drone  
  18  1:29  Drone  
  19  1:53  Drone  
  20  2:01  Queen  
  20  2:06  Queen  
  20  2:08  Drone x3  
  27  2:12  Metabolic Boost  
  27  2:19  Drone  
  28  2:27  Hatchery  
  27  2:30  Drone  
  27  2:33  Overlord  
  28  2:41  Overlord  
  28  2:47  Baneling Nest  
  28  2:48  Drone  
  28  2:54  Drone x3  
  28  2:55  Drone  
  32  3:06  Zergling x4  
  32  3:10  Zergling x4  
  32  3:11  Zergling x2  
  37  3:14  Zergling x2  
  37  3:15  Zergling x4  
  40  3:27  Drone  
  40  3:28  Overlord  
  40  3:32  Overlord  
  41  3:37  Queen  
  41  3:40  Drone x4  
  47  3:48  Drone x5  
  51  3:53  Drone x2  
  51  3:55  Drone  
  53  3:57  Drone  
  53  4:02  Drone x2  
  55  4:05  Drone  
  55  4:12  Extractor  
  55  4:13  Extractor  
  55  4:14  Drone, Evolution Chamber  
  52  4:18  Drone x2  
  52  4:20  Roach Warren  
  52  4:22  Drone x2  
  54  4:27  Drone  
  53  4:35  Overlord  
  53  4:41  Overlord, Zerg Missile Weapons Level 1  
  53  4:44  Overlord  
  53  4:49  Zergling x2  
  53  4:50  Zergling x14  
  61  4:53  Zergling x6  
  61  4:56  Lair  
  64  5:01  Roach x3  
  64  5:05  Roach  
  72  5:09  Roach x2  
  72  5:10  Roach x3  
  72  5:13  Roach  
  82  5:16  Roach  
  82  5:19  Roach  
  85  5:22  Roach  
  85  5:23  Roach  
  85  5:28  Overlord  
  87  5:29  Drone x2  
  87  5:31  Drone  
  87  5:35  Overlord  
  88  5:37  Drone  
  88  5:38  Drone  
  89  5:46  Drone  
  89  5:48  Drone x2  
  89  5:49  Drone x4  
  93  5:54  Drone  
  90  5:58  Drone x2  
  90  6:01  Roach x3  
  95  6:07  Glial Reconstitution  
  93  6:12  Roach x3  
  93  6:16  Roach x2  
  100  6:19  Roach  
  100  6:20  Roach  
  102  6:27  Overlord  
  102  6:29  Roach x3  
  103  6:36  Drone x3  
  103  6:37  Drone x2  
  105  6:45  Zerg Missile Weapons Level 2  
  105  6:48  Drone x4  
  105  6:50  Drone  
  105  6:52  Drone  
  111  6:56  Drone x2  
  113  7:01  Overseer  
  113  7:08  Overlord x2  
  113  7:10  Overlord  
  113  7:12  Overlord  
  113  7:17  Overlord  
  113  7:19  Overlord  
  113  7:20  Overlord  
  113  7:23  Overlord  
  113  7:26  Queen  
  113  7:27  Drone, Overlord  
  113  7:29  Roach  
  118  7:32  Roach x2  
  118  7:33  Roach  
  124  7:37  Drone, Hydralisk Den  
  124  7:38  Drone  
  124  7:51  Drone  
  124  7:52  Extractor  
  124  7:53  Drone, Extractor  
  124  7:54  Roach  
  124  7:55  Roach x5  
  124  7:56  Roach  
  124  7:58  Ravager x4  
  143  8:01  Roach x2  
  143  8:05  Overlord  
  147  8:07  Overlord  
  147  8:09  Roach x2  
  151  8:16  Roach  
  153  8:21  Roach x2  
  153  8:22  Roach  
  151  8:29  Roach  
  151  8:30  Roach x2  
  151  8:33  Extractor  
  151  8:34  Drone x3  
  158  8:38  Extractor  
  158  8:39  Drone x2, Overlord  
  160  8:42  Roach x3  
  160  8:45  Overlord  
  160  8:46  Roach  
  170  8:48  Roach x2  
  172  8:56  Drone, Roach  
  172  8:57  Roach  
  172  8:59  Roach  
  179  9:06  Hatchery, Muscular Augments  
  178  9:25  Hydralisk x3  
  178  9:29  Hydralisk  
  186  9:35  Hydralisk x2  
  186  9:36  Hydralisk  
  192  9:39  Hydralisk  
  192  9:45  Hydralisk  
  196  9:47  Roach x2  
  198  10:00  Roach  
  198  10:06  Roach x3  
  198  10:07  Roach x3  
  198  10:13  Roach  
  198  10:14  Roach x4  
  180  10:15  Roach  
  180  10:20  Roach x2  
  157  10:25  Roach  
Show
View Real Time Build Order
Export as new Build Order

Cham Zerg - Winner!

Build Orders: Hatch First 

Get SALT Encoding   

  12  0:01  Drone  
  13  0:09  Drone  
  14  0:17  Overlord  
  14  0:35  Drone x2  
  15  0:36  Drone  
  17  0:52  Hatchery  
  17  0:55  Drone  
  17  1:09  Spawning Pool  
  16  1:12  Drone  
  16  1:13  Extractor  
  16  1:16  Drone  
  17  1:20  Drone  
  18  1:30  Drone  
  19  1:43  Drone  
  20  1:51  Drone  
  21  2:01  Overlord  
  21  2:03  Queen x2  
  21  2:04  Drone  
  26  2:12  Drone  
  26  2:15  Drone  
  28  2:23  Drone  
  28  2:26  Drone  
  30  2:34  Overlord  
  30  2:36  Drone  
  31  2:39  Queen  
  33  2:44  Lair  
  33  2:45  Drone  
  33  2:47  Evolution Chamber  
  33  2:49  Drone  
  34  2:55  Drone  
  35  3:00  Roach Warren  
  35  3:05  Drone  
  35  3:10  Drone  
  35  3:11  Drone  
  35  3:12  Drone x4  
  41  3:15  Overlord  
  41  3:18  Drone  
  42  3:20  Drone  
  42  3:26  Zerg Missile Weapons Level 1  
  43  3:27  Extractor  
  43  3:29  Drone, Extractor  
  43  3:32  Overlord  
  42  3:37  Evolution Chamber  
  41  3:43  Roach x2  
  47  3:48  Roach  
  47  3:51  Roach  
  49  3:57  Evolution Chamber  
  49  3:58  Roach x2  
  49  3:59  Roach  
  52  4:03  Queen  
  52  4:09  Roach  
  54  4:10  Drone  
  54  4:11  Drone x2  
  54  4:16  Drone  
  58  4:19  Overlord  
  58  4:22  Drone  
  59  4:27  Drone x2  
  60  4:31  Glial Reconstitution  
  60  4:38  Overlord  
  60  4:47  Hatchery  
  60  4:50  Drone  
  60  4:52  Drone x2  
  62  4:53  Drone  
  63  5:02  Overlord  
  63  5:04  Overlord  
  63  5:06  Drone  
  63  5:07  Drone x2  
  66  5:10  Roach  
  66  5:13  Roach x2  
  72  5:17  Roach  
  72  5:19  Overlord  
  74  5:23  Roach  
  78  5:28  Roach  
  78  5:31  Evolution Chamber  
  78  5:32  Roach x2  
  80  5:36  Roach x2  
  80  5:41  Zerg Missile Weapons Level 2  
  84  5:47  Roach x2  
  88  5:54  Roach x2  
  88  5:55  Ravager  
  90  5:58  Overlord  
  90  6:03  Drone  
  85  6:05  Drone x4  
  85  6:08  Hatchery  
  88  6:14  Zerg Ground Armor Level 1  
  88  6:16  Drone x2  
  90  6:20  Drone  
  90  6:25  Roach  
  89  6:36  Roach x2  
  85  6:40  Roach  
  85  6:42  Queen  
  85  6:46  Roach  
  87  6:48  Ravager x2  
  87  6:49  Roach  
  87  6:52  Spine Crawler  
  87  6:53  Roach x3  
  96  6:55  Overlord  
  96  6:58  Roach  
  98  7:02  Roach  
  98  7:03  Roach  
  98  7:04  Overlord  
  102  7:11  Extractor  
  102  7:12  Roach  
  102  7:14  Roach  
  105  7:21  Roach x3  
  105  7:22  Roach  
  114  7:24  Overlord x2  
  114  7:25  Drone  
  114  7:28  Drone  
  116  7:34  Roach x2  
  120  7:37  Roach  
  120  7:44  Roach x2  
  124  7:48  Roach  
  124  7:50  Roach x2  
  132  7:51  Roach x3  
  132  7:53  Overlord  
  132  7:54  Roach  
  132  7:56  Roach  
  142  7:58  Roach  
  142  8:03  Roach x2  
  146  8:12  Roach x3  
  154  8:13  Roach  
  154  8:25  Roach  
  154  8:26  Roach  
  144  8:27  Roach x4  
  144  8:28  Roach  
  144  8:31  Roach  
  144  8:32  Overlord x2  
  154  8:37  Overlord  
  154  8:50  Overlord  
  154  8:51  Roach  
  154  8:52  Roach x3  
  154  8:53  Ravager  
  154  8:55  Ravager  
  164  8:56  Roach  
  164  8:57  Roach  
  164  9:01  Roach x2  
  172  9:04  Roach  
  172  9:06  Roach  
  172  9:07  Overlord  
  176  9:11  Roach  
  176  9:12  Roach  
  176  9:16  Roach  
  182  9:18  Overlord  
  182  9:19  Overlord  
  182  9:21  Ravager  
  182  9:23  Roach  
  185  9:26  Roach  
  185  9:27  Roach  
  185  9:29  Roach  
  191  9:35  Overlord x2  
  191  9:41  Roach x3  
  191  9:42  Roach  
  199  9:46  Ravager  
  196  10:05  Roach x2  
  196  10:06  Hatchery  
  189  10:08  Roach x2  
  167  10:15  Roach  
  167  10:16  Roach  
  153  10:26  Roach x3  
  153  10:27  Roach x2  
Tags
 
Add a new tag
Caveats
  • Supply blocks, unpowered buildings, or Contaminate may cause inaccurate times.
  • Supply counts are checked every 10 seconds.